 Dungeon Crawl Stone Soup version 0.28.0-53-g5a82cb258f (webtiles) character file.

Game seed: 3837496439115859613

7700 Tirrikindir the Carver (level 11, -2/74 HPs)
             Began as an Octopode Fighter on Aug 6, 2022.
             Was a Priest of Dithmenos.
             Slain by a troll (16 damage)
             ... on level 10 of the Dungeon.
             The game lasted 00:31:03 (11706 turns).

Tirrikindir the Carver (Octopode Fighter)          Turns: 11706, Time: 00:31:03

Health: -2/74      AC:  1    Str: 19    XL:     11   Next: 19%
Magic:  15/15      EV: 17    Int: 10    God:    Dithmenos [***...]
Gold:   364        SH:  6    Dex: 19    Spells: 10/10 levels left

rFire   . . .      SeeInvis .   E - +3 long sword
rCold   . . .      Faith    .   b - +0 buckler
rNeg    . . .      Spirit   .   r - +0 hat {Stlth+}
rPois   +          Reflect  .   (no amulet)
rElec   .          Harm     .   d - +6 ring of dexterity
rCorr   .          Rampage  .   e - ring of poison resistance
Will    +....                   s - ring of willpower
Stlth   +++++++++.              g - ring of wizardry
HPRegen 0.22/turn               (no ring)
MPRegen 0.14/turn               (no ring)
                                (no ring)
                                (no ring)

@: wreathed by umbra
A: almost no armour, amphibious, 8 rings, camouflage 1, gelatinous body 1,
(nimble swimmer 1), tentacles
a: Renounce Religion, Shadow Step


You were on level 10 of the Dungeon.
You worshipped Dithmenos.
Dithmenos was most pleased with you.
You visited 2 branches of the dungeon, and saw 11 of its levels.
You also visited: Ossuary.

You collected 461 gold pieces.
You spent 97 gold pieces at shops.

Inventory:

Hand Weapons
 E - a +3 long sword (weapon)
 F - a +0 short sword of draining
Missiles
 l - 15 poisoned darts (quivered)
 z - 3 throwing nets
Armour
 b - a +0 buckler (worn)
 r - a +0 hat of stealth (worn)
Jewellery
 d - a +6 ring of dexterity (left tentacle)
 e - a ring of poison resistance (right tentacle)
 g - a ring of wizardry (on tentacle)
 s - a ring of willpower (on tentacle)
Wands
 a - a wand of flame (37)
 n - a wand of digging (10)
 q - a wand of iceblast (25)
 y - a wand of charming (17)
Scrolls
 h - 4 scrolls of teleportation
 j - 2 scrolls of blinking
 k - a scroll of summoning
 m - a scroll of torment
 w - 2 scrolls of fog
 x - a scroll of enchant armour
 C - 2 scrolls of immolation
 D - a scroll of identify
Potions
 c - a potion of might
 f - 4 potions of lignification
 i - a potion of magic
 o - 4 potions of haste
 p - 2 potions of mutation
 u - a potion of brilliance
 v - a potion of flight
 A - 2 potions of curing
 B - a potion of invisibility


   Skills:
 * Level 6.6 Fighting
 * Level 9.6 Long Blades
 - Level 3.0 Throwing
 * Level 6.8 Dodging
 + Level 8.1 Stealth
 * Level 6.6 Shields
 + Level 6.5 Invocations
 - Level 4.0 Evocations


You had 10 spell levels left.
You didn't know any spells.
Your spell library contained the following spells:

 Spells                   Type           Power      Damage    Failure   Level
 Magic Dart               Conj           0%         1d3       19%         1
 Ensorcelled Hibernation  Hex/Ice        0%         N/A       28%         2
 Searing Ray              Conj           0%         2d4       28%         2
 Static Discharge         Conj/Air       0%         N/A       28%         2
 Confusing Touch          Hex            0%         N/A       47%         3
 Spider Form              Tmut/Pois      0%         N/A       47%         3
 Anguish                  Hex/Necr       0%         N/A       86%         4
 Cause Fear               Hex            0%         N/A       86%         4
 Fulminant Prism          Conj/Hex       0%         3d6       86%         4
 Summon Forest            Summ/Tloc      0%         N/A       99%         5
 Yara's Violent Unravell  Hex/Tmut       0%         3d3       99%         5
 Eringya's Noxious Bog    Tmut/Pois      0%         N/A       100%        6
 Dragon Form              Tmut           0%         N/A       100%        7
 Enfeeble                 Hex            0%         N/A       100%        7
 Summon Hydra             Summ           0%         N/A       100%        7
 Chain Lightning          Conj/Air       0%         N/A       100%        9
 Dragon's Call            Summ           0%         N/A       100%        9


Dungeon Overview and Level Annotations

Branches:
Dungeon (10/15)            Temple (1/1) D:4         Ossuary (visited)
   Lair: D:8-11         Orc: D:9-12

Altars:
Ashenzari
Cheibriados
Dithmenos
Elyvilon
Fedhas
Gozag
Hepliaklqana
Kikubaaqudgha
Makhleb
Nemelex Xobeh
Okawaru
Qazlal
Ru
Sif Muna
Trog
Uskayaw
Vehumet
Wu Jian
Xom
Yredelemnul
Zin
The Shining One

Shops:
D:1 *


Innate Abilities, Weirdness & Mutations

You cannot wear most types of armour.
You are amphibious.
You can wear up to eight rings at the same time.
Your skin changes colour to match your surroundings (Stealth+).
Your rubbery body absorbs attacks. (AC +1, EV +1)
((You are camouflaged when in or above water. (Stealth+)))
You have tentacles for arms and can constrict up to eight enemies at once.


Message History

Items here: )))) [[ ††.
Okay, then.
F - a +0 short sword of draining You drop a +0 rapier.
Found a shortbow and 12 sling bullets.
HP restored.
There is a stone staircase leading down here.
Found 19 bolts.
Found an escape hatch in the ceiling.
There is an escape hatch in the ceiling here.
A troll comes into view.
Found a stone staircase leading up.
The helpless troll fails to defend itself.
You slash the troll! Your squeeze misses the troll.
The troll is heavily wounded.
The troll bites you. The troll barely misses you. The troll closely misses you.
You slash the troll!
The troll is severely wounded.
The troll bites you!! The troll claws you! x2
You hit the troll.
The troll is severely wounded.
The troll bites you. The troll claws you. You block the troll's attack.
You barely miss the troll.
The troll is severely wounded.
The troll completely misses you. The troll misses you.
The troll closely misses you.
You hit the troll.
The troll is almost dead.
The troll misses you. You block the troll's attack. The troll misses you.
You hit the troll.
The troll is almost dead.
The troll misses you. The troll claws you!
* * * LOW HITPOINT WARNING * * *
You block the troll's attack.
You hit the troll.
The troll is almost dead.
The troll completely misses you. The troll closely misses you. x2
You closely miss the troll. Your squeeze misses the troll.
The troll is almost dead.
The troll bites you!
You die...

#### .#.#
<#.##########
.#..........#
#######.#.########.#
#...##.T#.# #.#
#.#.##@##.# #.#
#.#.##.##.# #.#
#.#<##.##.# #.#
#.#(....#.# #.#
##.#######.# #.#
#..........########.#
############........#
#.######## #.#


You could see a troll.

Vanquished Creatures
  Gastronok (D:9)
  Pikel (D:6)
  Joseph (D:8)
  Maggie (D:6)
  Psyche (D:8)
  A troll (D:6)
  Prince Ribbit (D:7)
  A hornet (D:7)
  3 wraiths
  A wyvern (D:8)
  A shadow (D:8)
  A yak (D:10)
  Edmund (D:4)
  Menkaure (D:4)
  A water moccasin (D:6)
  A sky beast (D:7)
  4 orc warriors (D:9)
  A black bear (D:6)
  A necrophage (D:5)
  2 centaurs
  A lemure (D:6)
  A phantom (D:7)
  2 kobold brigands
  4 bullfrogs
  A gnoll sergeant (D:8)
  A water moccasin skeleton (D:5)
  10 wights
  5 killer bees (D:9)
  A bullfrog zombie (D:5)
  3 centaur zombies
  5 hounds
  Crazy Yiuf (D:4)
  A centaur skeleton (D:5)
  7 orc priests
  A gnoll shaman (D:8)
  A bullfrog skeleton (D:3)
  5 iguanas
  8 orc wizards
  Ijyb (D:4)
  Terence (D:2)
  A killer bee zombie (D:9)
  2 hound skeletons (D:5)
  A mummy (D:5)
  8 adders
  16 gnolls
  A howler monkey skeleton (D:7)
  6 river rats (D:5)
  2 ufetubi
  A worm (D:2)
  3 dart slugs
  32 orcs
  3 bats
  5 endoplasms
  5 giant cockroaches
  8 goblins
  8 hobgoblins
  9 jackals
  5 quokkas
  7 ball pythons
  5 frilled lizards
  2 hobgoblin skeletons (Ossuary)
  2 hobgoblin zombies (Ossuary)
  18 kobolds
  3 kobold zombies (Ossuary)
  An orc zombie (Ossuary)
  19 rats
259 creatures vanquished.

Notes
Turn   | Place    | Note
-------+----------+-------------------------------------------
     0 | D:1      | Tirrikindir the Octopode Fighter began the quest for the
                  | Orb.
     0 | D:1      | Reached XP level 1. HP: 16/16 MP: 1/1
   112 | D:1      | Reached XP level 2. HP: 19/21 MP: 2/2
   139 | D:1      | Found Dykach's Assorted Antiques.
   253 | D:1      | Reached skill level 1 in Stealth
   386 | D:1      | Reached XP level 3. HP: 26/26 MP: 3/3
   689 | D:1      | Bought a cyan potion for 22 gold pieces
  1265 | D:2      | Noticed Terence
  1272 | D:2      | Killed Terence
  1273 | D:2      | Reached XP level 4. HP: 21/31 MP: 4/4
  1674 | D:2      | Reached skill level 3 in Long Blades
  2251 | D:3      | Reached XP level 5. HP: 23/36 MP: 5/5
  2644 | D:3      | Found a shadowy altar of Dithmenos.
  2644 | D:3      | Found a hazy altar of Hepliaklqana.
  2647 | D:3      | Noticed a shadow
  2733 | D:3      | Reached skill level 1 in Evocations
  2789 | D:3      | Reached XP level 6. HP: 35/43 MP: 6/6
  3284 | D:3      | Became a worshipper of Dithmenos the Shadowed
  3458 | D:4      | Noticed Menkaure
  3465 | D:4      | Killed Menkaure
  3466 | D:4      | Reached skill level 4 in Long Blades
  3706 | D:4      | Found a staircase to the Ecumenical Temple.
  3793 | D:1      | Bought a scroll labelled QATEEC NEICKO for 25 gold pieces
  3793 | D:1      | Bought a scroll labelled QATEEC NEICKO for 25 gold pieces
  3866 | D:3      | Reached XP level 7. HP: 48/48 MP: 7/7
  3926 | D:1      | Bought a scroll labelled ESKI DYOJUN for 25 gold pieces
  3999 | Temple   | Entered the Ecumenical Temple
  4113 | D:4      | Found a runed translucent door.
  4114 | D:4      | Noticed Crazy Yiuf
  4123 | D:4      | Killed Crazy Yiuf
  4124 | D:4      | Reached skill level 1 in Invocations
  4388 | D:4      | Found a stormy altar of Qazlal.
  4399 | D:4      | Noticed Edmund
  4426 | D:4      | Killed Edmund
  4516 | D:4      | Noticed Ijyb
  4522 | D:4      | Killed Ijyb
  4572 | D:4      | Reached skill level 5 in Long Blades
  4848 | D:5      | Entered Level 5 of the Dungeon
  4926 | D:5      | Reached skill level 5 in Stealth
  5037 | D:5      | Reached XP level 8. HP: 10/54 MP: 8/10
  5070 | D:5      | Reached * piety under Dithmenos
  5092 | D:5      | Found a sand-covered staircase.
  5099 | Ossuary  | Entered an ossuary
  5439 | Ossuary  | Noticed a wraith
  5439 | Ossuary  | Noticed a flying skull
  5447 | Ossuary  | Noticed a flying skull
  5453 | Ossuary  | Reached skill level 6 in Long Blades
  5455 | Ossuary  | Noticed a flying skull
  5460 | Ossuary  | Noticed a flying skull
  5509 | Ossuary  | Noticed a wraith
  5512 | Ossuary  | Killed a wraith
  5517 | Ossuary  | Noticed a flying skull
  5525 | Ossuary  | Noticed a wraith
  5536 | Ossuary  | Killed a wraith
  5537 | Ossuary  | Reached skill level 7 in Long Blades
  6152 | D:6      | Noticed Pikel
  6411 | D:6      | Reached ** piety under Dithmenos
  6412 | D:6      | Reached XP level 9. HP: 57/58 MP: 12/12
  6416 | D:6      | Noticed Maggie
  6427 | D:6      | Killed Maggie
  6428 | D:6      | Reached skill level 8 in Long Blades
  6428 | D:6      | Reached skill level 5 in Invocations
  6889 | D:6      | Reached skill level 1 in Throwing
  6997 | D:6      | Killed Pikel
  7079 | D:6      | Found a broken altar of Ashenzari.
  7080 | D:6      | Found a burning altar of Makhleb.
  7081 | D:6      | Found a blossoming altar of Fedhas.
  7082 | D:6      | Noticed a troll
  7083 | D:6      | Found a basalt altar of Yredelemnul.
  7092 | D:6      | Killed a troll
  7093 | D:6      | Reached skill level 5 in Shields
  7661 | D:7      | Reached skill level 5 in Dodging
  7705 | D:7      | Noticed Prince Ribbit
  7715 | D:7      | Killed Prince Ribbit
  7716 | D:7      | Reached skill level 5 in Fighting
  7716 | D:7      | Reached XP level 10. HP: 66/66 MP: 14/14
  8413 | D:8      | Noticed Psyche
  8423 | D:8      | Killed Psyche
  9052 | D:8      | Noticed Joseph
  9071 | D:8      | Killed Joseph
  9072 | D:8      | Reached skill level 9 in Long Blades
  9934 | D:9      | Reached *** piety under Dithmenos
 10070 | D:9      | Got the Volume of Feathers and the Glacier
 10701 | D:9      | Noticed Gastronok
 10723 | D:9      | Killed Gastronok
 10724 | D:9      | Reached XP level 11. HP: 6/74 MP: 15/15
 11135 | D:9      | Found an opulent altar of Gozag.
 11136 | D:9      | Found a sparkling altar of Nemelex Xobeh.
 11200 | D:10     | Entered Level 10 of the Dungeon
 11706 | D:10     | Slain by a troll

Illustrated notes

Levels and vault maps discovered:
D:1:      minmay_arrival_shoal_huts, layout_loops_cross, serial_shops,
          nicolae_shop_trees, minmay_misc_feat_four_crosses,
          minmay_misc_feat_five
D:2:      layout_basic, uniq_terence
D:3:      layout_basic, riverfiend_overflow_shadow_ancestor, grunt_ministairs_15
D:4:      layout_loops_ring, amcnicky_altar_gilded, temple_pool_b, uniq_ijyb,
          uniq_menkaure, uniq_edmund, uniq_crazy_yiuf_cottage
D:5:      layout_cave_pools, gup_ossuary_entry_pyramid, hangedman_glass_teeth,
          dk_rats_in_the_wall
D:6:      layout_loops_corners, grunt_temple_overflow_open, uniq_maggie,
          uniq_pikel
D:7:      layout_rooms, uniq_prince_ribbit1
D:8:      layout_layer_cave, abandoned_shop, uniq_joseph, uniq_psyche
D:9:      layout_rooms, grunt_temple_overflow_opulence, dk_noncrumbling_2,
          uniq_gastronok
D:10:     layout_basic, dpeg_lair_monsters
Temple:   dshaligram_water_room_temple

Skill      XL: |  1  2  3  4  5  6  7  8  9 10 |
---------------+-------------------------------+-----
Stealth        | 1 2 3 5 6 8 |  8.1
Long Blades    | 3 4 5 7 8 9 |  9.6
Evocations     | 1 2 3 4 |  4.0
Fighting       | 4 5 6 |  6.6
Dodging        | 4 5 6 |  6.8
Shields        | 4 5 6 |  6.6
Invocations    | 2 4 5 6 |  6.5
Throwing       | 1 3 |  3.0

Action                   |  1- 3 |  4- 6 |  7- 9 | 10-12 || total
-------------------------+-------+-------+-------+-------++-------
Melee: Long sword        |    66 |    84 |     4 |    81 ||   235
       Constrict         |    20 |    24 |    45 |    49 ||   138
       Tentacles         |    11 |    21 |    41 |    62 ||   135
       Punch             |     1 |     1 |     2 |     6 ||    10
       Scimitar          |       |       |   169 |   133 ||   302
Throw: Dart              |       |       |       |    18 ||    18
  Use: Scroll            |     1 |     5 |     9 |     5 ||    20
       Potion            |       |       |     4 |     4 ||     8
 Stab: Sleeping          |    10 |    11 |    24 |     7 ||    52
       Distracted        |       |     1 |       |       ||     1
Armor: Skin              |     2 |     4 |     5 |     8 ||    19
Dodge: Dodged            |    32 |    44 |    66 |   138 ||   280
Block: Buckler           |    15 |    21 |    32 |    54 ||   122
